[Event "*** SCC Grand Prix: Titled Tuesday Blitz"]
[Site "Chess.com"]
[Date "2020.06.23"]
[Round "1"]
[White "TheLawAdv"]
[Black "TheNextLevelFan"]
[Result "0-1"]
[WhiteElo "2017"]
[BlackElo "2498"]
[TimeControl "180+1"]
[EndTime "10:08:31 PDT"]
[Termination "TheNextLevelFan won by checkmate"]

1. e4 e5 2. Nf3 Nc6 3. Bb5 a6 4. Bxc6 dxc6 5. O-O f6 6. d4 exd4 7. Qxd4 Qxd4 8. Nxd4 c5 9. Ne2 Bd7 10. Nbc3 O-O-O 11. Be3 Re8 12. f3 f5 13. Bf4 Nf6 14. Ng3 fxe4 15. Ncxe4 Nd5 16. Bg5 h6 17. Bd2 Be7 18. a3 Rhf8 19. c4 Nf4 20. Bc3 Rf7 21. Rfe1 Bf8 22. Rad1 b6 23. b4 cxb4 24. axb4 Be6 25.
c5 Rd7 26. Rxd7 Bxd7 27. cxb6 cxb6 28. Bxg7 Bxg7 29. Nd6+ Kd8 30. Nxe8 Bxe8 31. Nf5 Bf8 32. Re4 Ng6 33. Kf1 Bb5+ 34. Ke1 Ne7 35. Nd6 Bc6 36. Rd4 Kc7 37. Nc4 Bg7 38. Rg4 Bf6 39. Ke2 Nd5 40.
Kd3 Nxb4+ 41. Kd2 a5 42. Ne3 Nd5 43. Nxd5+ Bxd5 44. Rg6 Bg5+ 45. Kd3 a4 46. Kd4 Bb3 47. Kc3 Bd5 48. Kb4 Bc6 49. Rg7+ Kd6 50. h4 Bxh4 51.
Rg6+ Kd5 52. Rxh6 Be7+ 53. Kc3 b5 54. Rh5+ Ke6 55. g4 b4+ 56. Kc2 b3+ 57. Kb2 Bf6+ 58. Ka3 b2 59. Rh1 Bxf3 60. Re1+ Kd5 61. Rb1 Bxg4 62.
Kxa4 Kc4 63. Rxb2 Bxb2 64. Ka5 Kc5 65. Ka4 Bd1+ 66. Ka5 Bc3+ 67. Ka6 Kc6 68. Ka7 Kc7 69. Ka6 Be2+ 70. Ka7 Bd4+ 71. Ka8 Bf3# 0-1

[Event "*** SCC Grand Prix: Titled Tuesday Blitz"]
[Site "Chess.com"]
[Date "2020.06.23"]
[Round "1"]
[White "AGW2016"]
[Black "Gennady_Kozlov"]
[Result "0-1"]
[WhiteElo "2236"]
[BlackElo "2570"]
[TimeControl "180+1"]
[EndTime "10:08:32 PDT"]
[Termination "Gennady_Kozlov won by resignation"]

1. e4 e6 2. d4 d5 3. exd5 exd5 4. Nf3 Bd6 5. c4 c6 6. Nc3 Ne7 7. Bd3 O-O 8. O-O Bf5 9. Bxf5 Nxf5 10. cxd5 cxd5 11.
Ne5 Bxe5 12. dxe5 d4 13. Ne4 Nc6 14. Bf4 Qd5 15. Ng3 Nxg3 16. hxg3 Nxe5 17. Re1 Nc6 18. Qd3 Rac8 19. a3 f6 20. Rac1 Rfe8 21. g4 Re6 22. Rxe6 Qxe6 23. f3 Re8 24. Kf2 g5 25. Bd2 Qd5 26. Qc4 Qxc4 27. Rxc4 Kf7 28. b4 Ke6 29. b5 Kd5 30. Rc1 Ne5 31. Rc7 Nd3+ 32. Kf1 Nc5 33.
Bb4 Nd3 34. Bd2 Nc5 35. Bb4 b6 36. Rxa7 d3 37. Bxc5 bxc5 38. Rd7+ Kc4 39. b6 Kc3 40. b7 d2 41. Kf2 Rb8 42. Ke2 Re8+ 43. Kf2 Kc2 44. a4 Rb8 45. Ke2 Rxb7 46. Rxd2+ Kc3 47. Rd6 Rb2+ 48. Ke3 Rxg2 49. Rxf6 c4 50. a5 Ra2 51. a6 Kb3 52. Rb6+ Kc2 53. Kd4 c3 54. Rc6 Ra4+ 55.
Ke5 Kd2 56. Kf5 Ra5+ 57. Kf6 c2 58. Rd6+ Kc3 59. Rc6+ Kb3 60. Rb6+ Kc4 61. Rc6+ Kd3 62. Rd6+ Ke3 63. Rc6 Rxa6 64. Rxa6 c1=Q 65. Kxg5 Kxf3+ 66. Kh5 Qc5+ 67. g5 Qc8 68. Rf6+ Kg3 69. Kh6 Qh3+ 70. Kg7 Qh5 71. Rf5 Kg4 72. Re5 Qg6+ 73. Kh8 Qf7 74.
Re4+ Kh5 75. g6 Qf8+ 76. Kxh7 Qh6+ 77. Kg8 Qxg6+ 78. Kf8 Qxe4 0-1

[Event "*** SCC Grand Prix: Titled Tuesday Blitz"]
[Site "Chess.com"]
[Date "2020.06.23"]
[Round "1"]
[White "Shota_Azaladze"]
[Black "Dmitry_Konenkin"]
[Result "1-0"]
[WhiteElo "2725"]
[BlackElo "2380"]
[TimeControl "180+1"]
[EndTime "10:08:33 PDT"]
[Termination "Shota_Azaladze won by resignation"]

1. Nf3 d6 2. g3 Bg4 3. Bg2 Nc6 4. O-O Qd7 5. d4 O-O-O 6. c4 h5 7. d5 Ne5 8. Nxe5 dxe5 9. h4 Bh3 10. Nc3 f6 11. e4 g5 12. f3 gxh4 13. gxh4 Nh6 14. Kh2 Bxg2 15. Kxg2 Rg8+ 16. Kh2 e6 17. Be3 f5 18. Qd2 f4 19. Bf2 Qe7 20. Rg1 Ng4+ 21. fxg4 hxg4 22. Kg2 g3 23. Bxa7 Bh6 24. Qe2 Rdf8 25.
Qf3 Qb4 26. Rab1 b6 27. Rgc1 Kb7 28. Nb5 Qd2+ 29. Kf1 g2+ 30. Kg1 Rg3 31. Qf2 Qxf2+ 32. Kxf2 Rfg8 33. Rg1 f3 34. dxe6 Bf4 35. e7 Rh3 36.
Rbd1 Re8 37. Rd7 Bg3+ 38. Kxf3 Bxh4+ 39. Kxg2 Rg3+ 40. Kh2 Rxg1 41. Kxg1 Rxe7 42. Rxe7 Bxe7 43. Bxb6 Kxb6 44. Kf1 Kc5 45. b3 c6 46. Nc3 Kb4 47. Nb1 Kc5 48. Ke2 Kd4 49. Nd2 Kc3 50. Nf3 Bd6 51. Ne1 Kb2 52. Kd3 Kxa2 53. Kc2 Ka3 54. Nd3 Bc7 55. c5 Bb8 56. Kc3 Bc7 57. Kc4 Bb8 58. b4 Ka4 59. Nb2+ Ka3 60. Nd1 Ka4 61. Nc3+ Ka3 62. b5 cxb5+ 63. Nxb5+ Ka4 64. c6 Ka5 65. c7 Bxc7 66. Nxc7 Kb6 67. Ne6 Kc6 68. Ng5 Kd6 69. Nf3 Ke7 70. Kc5 Ke6 71. Kc6 Kf6 72. Kd5 1-0

[Event "*** SCC Grand Prix: Titled Tuesday Blitz"]
[Site "Chess.com"]
[Date "2020.06.23"]
[Round "1"]
[White "Supernotar"]
[Black "StockholmMissile"]
[Result "0-1"]
[WhiteElo "2789"]
[BlackElo "2423"]
[TimeControl "180+1"]
[EndTime "10:08:35 PDT"]
[Termination "StockholmMissile won by checkmate"]

1. d4 d5 2. c4 c6 3. e3 Nf6 4. Bd3 a6 5. Nd2 Bg4 6. Qc2 Nbd7 7. Ngf3 e6 8. b3 Be7 9. Bb2 Bh5 10. O-O Bg6 11.
e4 dxe4 12. Nxe4 O-O 13. Rad1 Qa5 14. a4 Rad8 15. Nxf6+ Bxf6 16. Bc3 Qh5 17. Bxg6 hxg6 18. Rd3 Qf5 19. Qe2 Rfe8 20. Rfd1 c5 21. h3 cxd4 22.
Nxd4 Qc5 23. Nf3 Bxc3 24. Rxc3 Ne5 25. Nxe5 Rxd1+ 26. Qxd1 Qxe5 27. Rd3 Qc5 28. Rd7 Re7 29. Rd8+ Kh7 30. Qg4 Qh5 31. Qf4 e5 32. Qd2 e4 33.
Qd6 Qg5 34. Kh2 e3 35. Qb8 Qe5+ 36. Qxe5 Rxe5 37. fxe3 Rxe3 38. b4 Rb3 39. b5 axb5 40. cxb5 Rb4 41. Rd7 f6 42. Rxb7 Rxa4 43. b6 Rb4 44. Kg3 g5 45. Kf3 Kg6 46. Rb8 Kf5 47.
b7 Rb3+ 48. Kf2 Kf4 49. Rc8 Rb2+ 50. Kf1 Rxb7 51. Rc4+ Ke3 52. Rc3+ Ke4 53. Ra3 Rb2 54. Kg1 Kf5 55. Kh2 Kg6 56. Kg3 Kh6 57. Kh2 g6 58. Ra6 f5 59. Ra8 g4 60. hxg4 fxg4 61. Kg3 Kh5 62. Ra5+ g5 63. Ra8 Rb3+ 64. Kh2 g3+ 65.
Kh3 g4# 0-1

[Event "*** SCC Grand Prix: Titled Tuesday Blitz"]
[Site "Chess.com"]
[Date "2020.06.23"]
[Round "1"]
[White "alexrustemov"]
[Black "renehp"]
[Result "0-1"]
[WhiteElo "2740"]
[BlackElo "2406"]
[TimeControl "180+1"]
[EndTime "10:08:37 PDT"]
[Termination "renehp won on time"]

1. d4 d5 2. c4 c6 3. Nc3 Nf6 4. Nf3 dxc4 5. a4 Bf5 6. e3 e6 7.
Bxc4 Bb4 8. O-O O-O 9. Qe2 Nbd7 10. e4 Bg6 11. Bd3 Bh5 12. e5 Nd5 13. Nxd5 cxd5 14.
Qe3 Bg6 15. Bxg6 hxg6 16. Qf4 Rc8 17. Qg3 Be7 18. Bg5 Bxg5 19. Nxg5 Re8 20. Qf4 Qe7 21. Rfc1 Nf8 22. h4 Nh7 23. Nf3 Qd7 24. b3 Rxc1+ 25. Rxc1 Rc8 26. g3 Rc6 27. Qd2 Qc7 28. Rxc6 Qxc6 29.
Qb4 Nf8 30. Kg2 Nd7 31. Qe7 Nf8 32. Ng5 Qd7 33. Qb4 Qc7 34. a5 Nh7 35. Nh3 Nf8 36. Nf4 b6 37. a6 Qc2 38. Nh3 Qe4+ 39. Kh2 Qe2 40. Qe7 g5 41. Qxg5 Qxa6 42. Qe7 Qb5 43. Ng5 Qd7 44. Qb4 Qc7 45. Kg2 a6 46. Qa4 Qb7 47.
Qe8 b5 48. b4 Qc7 49. h5 Qd7 50. Qa8 Qe7 51. Nf3 Qxb4 52. Qxa6 Qc4 53. Qa8 Qc7 54. Qe8 Qb7 55. h6 gxh6 56. Nh2 b4 57. Ng4 Kg7 58. Qd8 Nh7 59. Nf6 Nxf6 60. Qxf6+ Kh7 61. Qd8 b3 62. Qf8 b2 0-1

[Event "*** SCC Grand Prix: Titled Tuesday Blitz"]
[Site "Chess.com"]
[Date "2020.06.23"]
[Round "1"]
[White "kirillshevchenko"]
[Black "RestartingChess"]
[Result "1-0"]
[WhiteElo "2935"]
[BlackElo "2456"]
[TimeControl "180+1"]
[EndTime "10:08:39 PDT"]
[Termination "kirillshevchenko won by checkmate"]

1. c4 Nf6 2. Nc3 g6 3. g3 Bg7 4.
Bg2 O-O 5. Nf3 d6 6. O-O e5 7. d4 Nc6 8. dxe5 Nxe5 9. b3 Rb8 10.
Bb2 Nc6 11. Rc1 Re8 12. Qd2 Bf5 13. Rfd1 a6 14. Nh4 Be6 15. Nd5 Ne5 16. e4 Nxd5 17. cxd5 Bg4 18. f3 g5 19. fxg4 gxh4 20. gxh4 Qxh4 21. h3 Qg3 22. Rc3 Qh4 23. Rxc7 Rec8 24. Rdc1 Rxc7 25. Rxc7 Bh6 26. Qf2 Qxf2+ 27. Kxf2 Nd3+ 28.
Ke2 Nxb2 29. e5 Re8 30. e6 fxe6 31. dxe6 Rxe6+ 32. Kf1 Re5 33. Bxb7 Nd3 34. Bxa6 Re1+ 35. Kg2 Nf4+ 36. Kf3 Nxh3 37. Bc4+ Kh8 38. a4 Re3+ 39. Kg2 Bf4 40. a5 Rg3+ 41. Kf1 Rg1+ 42. Ke2 Ra1 43. a6 Ng5 44. b4 Ne4 45. Kf3 d5 46. Rc8+ Kg7 47. Bxd5 Rxa6 48. Kxf4 Nf6 49. Rc7+ Kg6 50.
Bc4 Ra4 51. Bd3+ Ne4 52. Bxe4+ Kf6 53. Rc6+ Ke7 54. b5 Kd7 55. Ke5 Rb4 56. Bf5+ Ke7 57.
Rc7+ Kd8 58. Rc5 Ke7 59. g5 Kf7 60. Bxh7 Kg7 61. Be4 Kf7 62. Kd5 Ke7 63. Bf5 Kf7 64. Kc6 Ke7 65. b6 Rb3 66. b7 Rxb7 67. Kxb7 Kd6 68.
Ra5 Ke7 69. Kc7 Kf7 70. Re5 Kg7 71. Re7+ Kf8 72. Kd6 Kg8 73. Ke6 Kf8 74. Kf6 Kg8 75. Re8# 1-0

[Event "*** SCC Grand Prix: Titled Tuesday Blitz"]
[Site "Chess.com"]
[Date "2020.06.23"]
[Round "1"]
[White "Grineva_Marianna"]
[Black "Schandenfreude"]
[Result "1-0"]
[WhiteElo "2188"]
[BlackElo "2525"]
[TimeControl "180+1"]
[EndTime "10:08:39 PDT"]
[Termination "Grineva_Marianna won on time"]

1. e4 e6 2. d4 d5 3. Nd2 dxe4 4. Nxe4 Bd7 5. c3 Bc6 6. Bd3 Bxe4 7. Bxe4 c6 8. Nf3 Nf6 9. Bg5 Nbd7 10. O-O Be7 11.
Bc2 Nd5 12. Bxe7 Qxe7 13. Re1 O-O 14. Qd3 g6 15. Ne5 Rad8 16. Qg3 Nxe5 17. Rxe5 Rfe8 18. Rae1 Qf6 19. R1e4 Nb6 20. Rh4 Nd7 21. Reh5 Nf8 22. h3 Rd5 23. Rf4 Qe7 24. Rh6 e5 25. Re4 Qd7 26.
Rhh4 exd4 27. Rxd4 Rxd4 28. Rxd4 Qe7 29. Re4 Qd8 30.
Rxe8 Qxe8 31. Kh2 Qe2 32. Bb3 Qxb2 33. Qf3 Ne6 34. Qf6 Qe2 35. Qe7 Qe5+ 36. g3 Qc5 37. Qe8+ Kg7 38. Bxe6 Qxf2+ 39. Kh1 Qe1+ 40. Kh2 Qe4 41.
Qxf7+ Kh6 42. Qf4+ Qxf4 43. gxf4 Kg7 44. Kg3 b6 45.
Bc8 Kf6 46. Kf3 Ke7 47. Ke4 b5 48. Bb7 Kd6 49. Bc8 a5 50. h4 Kc5 51. Be6 b4 52.
Kd3 Kd6 53. Bg8 h6 54. Bf7 g5 55. fxg5 hxg5 56. hxg5 Ke5 57. g6 1-0

[Event "*** SCC Grand Prix: Titled Tuesday Blitz"]
[Site "Chess.com"]
[Date "2020.06.23"]
[Round "1"]
[White "Chernobay_Artem"]
[Black "Lucas_Tomiello"]
[Result "0-1"]
[WhiteElo "2601"]
[BlackElo "2319"]
[TimeControl "180+1"]
[EndTime "10:08:40 PDT"]
[Termination "Lucas_Tomiello won by checkmate"]

1. e4 c5 2. Nf3 d6 3. d4 cxd4 4.
Nxd4 Nf6 5. Nc3 a6 6. Bg5 Nbd7 7. f4 Qc7 8. Qe2 e5 9. Nf5 h6 10. Bh4 g6 11. Ne3 exf4 12. Ned5 Nxd5 13. Nxd5 Qc6 14. O-O-O Bg7 15. Be7 Be5 16. g3 fxg3 17. hxg3 f6 18.
Bh3 Kf7 19. Rhf1 Kg7 20. Bxd7 Bxd7 21. Bxf6+ Bxf6 22. Rxf6 Rhf8 23. e5 Bf5 24. Rxd6 Qa4 25.
Nc3 Qg4 26. Qe3 Rae8 27. a3 Qg5 28. Qxg5 hxg5 29. Re1 Re6 30. Na4 Rfe8 31. Rxe6 Rxe6 32. Nc5 Re7 33. Kd2 Rc7 34. Nd3 Re7 35. b4 Kf7 36. Re3 Ke6 37. a4 Kd5 38. Kc3 Rc7+ 39. Kb3 Kd4 40. Re1 Rc3+ 41. Kb2 Rc7 42. Nc5 Re7 43.
Nb3+ Kc4 44. c3 g4 45. Nd4 Kd3 46. e6 Be4 47. a5 Bd5 48. Nb3 Kc4 49. Nc5 Kb5 50. Re5 Kc6 51. Nd3 Bxe6 52. Re3 Bf7 53. Nf4 Rxe3 54. Nd3 Rxg3 55. Kc2 Rg2+ 56. Kc1 Bc4 57. Ne1 Rg1 58. Kd1 Rxe1+ 59. Kd2 Kd5 60. Kxe1 Ke4 61. Kf2 Kf4 62. Kg1 g3 63. Kh1 Kf3 64.
Kg1 g2 65. Kh2 Kf2 66. Kh3 g1=Q 67. Kh4 Qg3# 0-1

[Event "*** SCC Grand Prix: Titled Tuesday Blitz"]
[Site "Chess.com"]
[Date "2020.06.23"]
[Round "1"]
[White "SHIVACalypso"]
[Black "Alexander_Donchenko"]
[Result "1-0"]
[WhiteElo "2365"]
[BlackElo "2674"]
[TimeControl "180+1"]
[EndTime "10:08:42 PDT"]
[Termination "SHIVACalypso won by checkmate"]

1. Nf3 Nf6 2. c4 e6 3. g3 a6 4.
Bg2 b5 5. b3 c5 6. O-O Bb7 7.
Bb2 Be7 8. d4 bxc4 9. bxc4 cxd4 10. Nxd4 Bxg2 11. Kxg2 Qc8 12. Nd2 Qb7+ 13. N2f3 Qxb2 14.
Qa4 Qb4 15. Qc2 Qc5 16. Rab1 Nc6 17. Nb3 Qf5 18. Qb2 O-O 19. Rfd1 Rab8 20. Qd2 Rfc8 21.
Rbc1 h6 22. e3 a5 23. Nbd4 Nxd4 24. exd4 Ba3 25. Rc2 Ne4 26. Qd3 Nd6 27. c5 Qxd3 28. Rxd3 Nb5 29. Ne5 Rb7 30. Nc4 Bb4 31. a3 d5 32. Nb6 Nxa3 33. Rxa3 Rxb6 34. cxb6 Rxc2 35. b7 Bd6 36. Rxa5 Rb2 37. Ra8+ Kh7 38. Rd8 Rxb7 39.
Rxd6 Rb4 40. Rd7 Kg6 41. Ra7 Rxd4 42. Kf3 h5 43. h4 Rb4 44. Ke3 Kf6 45. Ra6 Rb7 46.
Ra4 Ke5 47. Ra5 Rb3+ 48. Ke2 g6 49. Ra7 f5 50. Rg7 Kf6 51. Ra7 d4 52. Ra5 Rb6 53. Kd3 e5 54. Ra2 Ke6 55. Ra8 Kd5 56. Rd8+ Rd6 57. Rg8 e4+ 58. Kd2 Ra6 59. Rd8+ Ke5 60. Re8+ Kf6 61. Rf8+ Ke7 62. Rg8 Ra2+ 63. Ke1 Kf7 64. Rb8 d3 65. Rb7+ Kf6 66. Rb6+ Kg7 67. Rb7+ Kh6 68. Rd7 Ra1+ 69. Kd2 Rf1 70. Ke3 Re1+ 71.
Kf4 Re2 72. f3 Rf2 73. Ke5 Rxf3 74. Kf6 d2 75. Rd8 d1=Q 76. Rh8# 1-0

[Event "*** SCC Grand Prix: Titled Tuesday Blitz"]
[Site "Chess.com"]
[Date "2020.06.23"]
[Round "1"]
[White "want2lose"]
[Black "Sadykov_Ramil"]
[Result "0-1"]
[WhiteElo "2715"]
[BlackElo "2400"]
[TimeControl "180+1"]
[EndTime "10:08:46 PDT"]
[Termination "Sadykov_Ramil won by resignation"]

1. Nf3 d5 2. g3 c6 3. Bg2 Nf6 4. O-O Bf5 5. c4 e6 6. cxd5 cxd5 7. d3 Nc6 8. Nc3 Be7 9. Bf4 O-O 10. Rc1 Rc8 11. Ne5 Nxe5 12. Bxe5 Bg6 13. Qb3 Qd7 14. e4 Rfd8 15. exd5 exd5 16. Bxf6 Bxf6 17. Nxd5 Bd4 18. Rxc8 Rxc8 19. Re1 Kh8 20.
Nf4 b6 21. Bh3 Bf5 22. Bxf5 Qxf5 23. Qc4 Bxb2 24. Re7 g5 25. Nh5 Kg8 26. Rxf7 Rxc4 27. Rxf5 Rc1+ 28. Kg2 h6 29. Rd5 a5 30. Rd6 b5 31.
Rd5 b4 32. Rxa5 Rc2 33. Rb5 Bc3 34. Ra5 Bd4 35. Ra4 Rxf2+ 36. Kh3 Bc3 37. Ra7 Re2 38. Kg4 Rf2 39. h4 gxh4 40. Kxh4 Kf8 41. Kg4 Rd2 42. Nf4 Rf2 43. Kf5 h5 44. Ke6 Rf3 45. Nxh5 Kg8 46. g4 Rxd3 47. g5 Re3+ 48. Kf5 Bd4 49. Kg6 Bxa7 50. Nf6+ Kf8 51. Nd5 Re6+ 52. Kf5 Rb6 53. Nxb6 Bxb6 54. Ke6 Bc5 55. Kd5 Be7 56. g6 Kg7 57.
Kc4 Kxg6 58. Kd5 Kf5 59. Kd4 Ke6 60. Ke4 Kd6 61. Kd4 Kc6 62. Kc4 Kb6 63. Kb3 Ka5 64. Kb2 Ka4 65. Kc2 Bf6 66. Kc1 Ka3 67. Kb1 Be5 0-1

[Event "*** SCC Grand Prix: Titled Tuesday Blitz"]
[Site "Chess.com"]
[Date "2020.06.23"]
[Round "1"]
[White "Dedic8"]
[Black "AradNazari"]
[Result "1-0"]
[WhiteElo "2756"]
[BlackElo "2390"]
[TimeControl "180+1"]
[EndTime "10:08:47 PDT"]
[Termination "Dedic8 won by checkmate"]

1. e4 e6 2. d4 d5 3. Nc3 Bb4 4. e5 c5 5. a3 Bxc3+ 6. bxc3 Ne7 7. h4 Qa5 8. Bd2 Nbc6 9. h5 h6 10. Nf3 Bd7 11. Bd3 c4 12. Be2 Qa4 13. O-O O-O-O 14. Nh4 g5 15. hxg6 fxg6 16. f4 Rdg8 17. g4 g5 18.
fxg5 hxg5 19. Nf3 Ng6 20. Bxg5 Rh3 21. Kg2 Rgh8 22. Qd2 Qa5 23. Bf6 R8h7 24. a4 Be8 25. Rfb1 Qc7 26. Rh1 Rxh1 27. Rxh1 Rxh1 28. Kxh1 Qh7+ 29.
Kg2 Nce7 30. a5 Ba4 31. Ng5 Qg8 32. Kg3 Bd7 33. Qc1 Nc6 34. Qa3 Qe8 35. a6 b6 36.
Qd6 Qf8 37. Qxf8+ Nxf8 38. Nf7 Nb8 39. Nd6+ Kc7 40. g5 Ba4 41. Bd1 Nxa6 42. Kg4 Nb8 43. Kh5 Nbd7 44. g6 Nxg6 45. Kxg6 a5 46. Bg5 Kc6 47. Kf7 b5 48. Bd2 Nb6 49. Kxe6 Nd7 50. Nf5 Nb6 51. Ne7+ Kb7 52. Nxd5 Nc8 53. Kd7 Na7 54. Kd6 Ka6 55. e6 b4 56. cxb4 axb4 57. Bxb4 Kb7 58. e7 Nc8+ 59. Ke5 Nxe7 60. Nxe7 Bb5 61. c3 Ka6 62. Kd6 Kb6 63. Nd5+ Ka6 64.
Kc5 Bd7 65. Be2 Kb7 66. Bxc4 Ka7 67. Bb5 Bc8 68. c4 Kb8 69. Kb6 Bb7 70. Bd7 Ka8 71. Nc7+ Kb8 72. Bd6 Bg2 73. c5 Bb7 74. d5 Bc6 75. Na6+ Ka8 76. Bxc6# 1-0

[Event "*** SCC Grand Prix: Titled Tuesday Blitz"]
[Site "Chess.com"]
[Date "2020.06.23"]
[Round "1"]
[White "RusPakhom"]
[Black "bascheyaro"]
[Result "0-1"]
[WhiteElo "2370"]
[BlackElo "2717"]
[TimeControl "180+1"]
[EndTime "10:08:48 PDT"]
[Termination "bascheyaro won by checkmate"]

1. e4 e6 2. d4 d5 3. Nd2 c5 4.
exd5 exd5 5. Ngf3 Nc6 6. Bb5 c4 7. O-O Bd6 8. Re1+ Ne7 9. c3 O-O 10. Nf1 Bf5 11. Bg5 f6 12. Bh4 Rb8 13. Bg3 Bg6 14.
Qd2 a6 15. Ba4 b5 16. Bc2 b4 17. Ne3 bxc3 18. bxc3 Rb2 19. Rab1 Rxa2 20. Rb7 Bxg3 21. hxg3 Nf5 22. Nxf5 Bxf5 23. Bxf5 Rxd2 24. Nxd2 Re8 25. Reb1 Na5 26. Rd7 Qa8 27. Nf3 g6 28. Bc2 Qc6 29. Ra7 Nb3 30. Bxb3 cxb3 31. Rxb3 Ra8 32. Re7 Re8 33. Ra7 g5 34. Rbb7 Qe6 35. Rg7+ Kf8 36. Rxh7 Qg8 37. Nd2 a5 38. Nb3 Re1+ 39. Kh2 a4 40. Nc5 Qxh7+ 41. Rxh7 Rc1 42. Nxa4 Rc2 43. f3 Kg8 44. Rc7 f5 45. Nb6 g4 46. fxg4 f4 47.
Nxd5 f3 48. Ne3 Re2 49. Re7 f2 50. Re5 Rxe3 51. Rxe3 f1=Q 52. Rf3 Qd1 53. g5 Kg7 54. Kh3 Qc2 55. Kh2 Qh7+ 56. Kg1 Qb1+ 57. Kh2 Qc2 58. Kg1 Kg6 59. Kh2 Kxg5 60. Kg1 Qh7 61. Kf2 Qc2+ 62.
Kg1 Qd1+ 63. Kh2 Qb1 64. Kh3 Qh7# 0-1

[Event "*** SCC Grand Prix: Titled Tuesday Blitz"]
[Site "Chess.com"]
[Date "2020.06.23"]
[Round "1"]
[White "CrushingKings"]
[Black "Panterov"]
[Result "1-0"]
[WhiteElo "2533"]
[BlackElo "2158"]
[TimeControl "180+1"]
[EndTime "10:08:51 PDT"]
[Termination "CrushingKings won on time"]

1. e4 e5 2. Nf3 Nf6 3. Nxe5 d6 4. Nf3 Nxe4 5. Nc3 Nxc3 6. dxc3 Be7 7. Bc4 O-O 8. Be3 Be6 9. Qd3 Nd7 10. O-O-O Ne5 11.
Nxe5 dxe5 12. Bxe6 Qxd3 13. Bxf7+ Rxf7 14. Rxd3 Bf6 15. Rhd1 Re8 16. a4 b6 17. a5 e4 18. Rd7 Rxd7 19.
Rxd7 Re7 20. Rd5 Kf7 21. Kd1 Ke6 22. Rd2 Rd7 23. Rxd7 Kxd7 24. axb6 axb6 25. Ke2 Ke6 26. Bf4 c6 27. g4 Kd5 28. h3 b5 29. Bd2 c5 30.
Bf4 c4 31. Bd2 Be5 32. Ke3 Bd6 33. Ke2 g6 34. Be3 Be5 35. Bd2 Bd6 36. Bh6 Be5 37.
Bf8 Bc7 38. Bg7 Bb6 39. Bf6 Bc5 40. Bg7 Bb6 41. Bh6 Bc5 42. Be3 Bd6 43. Bd4 Bf4 44. b3 Bg5 45. f3 Bc1 46. Be3 Bb2 47. Bd2 Ba3 48. b4 Bb2 49. f4 Ba1 50. Ke3 Bb2 51.
f5 gxf5 52. gxf5 Ke5 53. f6 Kxf6 54. Kxe4 Ke6 55. Kd4 Kd6 56. Bf4+ Kc6 57. h4 Ba3 58. h5 Bb2 59. Bd2 Kd6 60. Bf4+ Kc6 61. Bd2 Kd6 62. Ke4 Ke6 63. Kf4 Kf6 64. Ke4 Ke6 65. h6 Ba3 66.
Kd4 Kd6 67. Bf4+ Kc6 68. Ke5 Bb2 69. Bd2 Kd7 70. Kf6 1-0

[Event "*** SCC Grand Prix: Titled Tuesday Blitz"]
[Site "Chess.com"]
[Date "2020.06.23"]
[Round "1"]
[White "StephenDedalus83"]
[Black "Chessdreamer2020"]
[Result "1/2-1/2"]
[WhiteElo "2763"]
[BlackElo "2443"]
[TimeControl "180+1"]
[EndTime "10:08:52 PDT"]
[Termination "Game drawn by stalemate"]

1. e4 d6 2. d4 Nf6 3. Nc3 e5 4. Nf3 Nbd7 5. Bc4 Be7 6. O-O O-O 7. Re1 a6 8. a4 b6 9. Qe2 c6 10. Rd1 Qc7 11. Nh4 exd4 12. Rxd4 Ne5 13. Bb3 Bg4 14. f3 Be6 15. Nf5 Bxf5 16. exf5 Rfe8 17. Be3 Bf8 18. Qf2 d5 19. Rdd1 Ned7 20. Kh1 Bc5 21. Bxc5 Nxc5 22. a5 Nfd7 23. axb6 Qxb6 24. Ra3 Nxb3 25. Qxb6 Nxb6 26. Rxb3 Nc4 27. g4 Rab8 28. Rxb8 Rxb8 29. b3 Na3 30. Rd2 Re8 31. Ne2 Re3 32. Nd4 Rc3 33. Rd3 Rxd3 34. cxd3 c5 35. Nc6 d4 36. Nb8 a5 37.
Nc6 a4 38. bxa4 c4 39. Nxd4 cxd3 40. Nb3 Nc4 41. Kg2 d2 42. Nxd2 Nxd2 43. a5 Nc4 44. a6 Nb6 45. f4 Kf8 46. Kf3 Ke7 47. Ke4 Kd6 48. g5 f6 49. h4 h6 50. Kf3 h5 51. Ke4 Kc5 52. Kd3 Kb5 53. Kd4 Kxa6 54. Kc5 Kb7 55. Kd6 Nc4+ 56. Ke6 Ne3 57. gxf6 gxf6 58.
Kxf6 Kc6 59. Kg6 Kd6 60. f6 Ke6 61. f7 Ke7 62. Kg7 Nf5+ 63. Kg6 Nd6 64. Kxh5 Kxf7 65.
Kh6 Ne8 66. Kg5 Nf6 67. h5 Nxh5 68. Kxh5 Kf6 69. Kg4 Kg6 70. f5+ Kf6 71. Kf4 Kf7 72.
Kg5 Kg7 73. f6+ Kf7 74. Kf5 Kf8 75. Ke6 Ke8 76. f7+ Kf8 77. Kf6 1/2-1/2

[Event "*** SCC Grand Prix: Titled Tuesday Blitz"]
[Site "Chess.com"]
[Date "2020.06.23"]
[Round "1"]
[White "m_ezat"]
[Black "Ze-Pequeno"]
[Result "1-0"]
[WhiteElo "2539"]
[BlackElo "2164"]
[TimeControl "180+1"]
[EndTime "10:08:52 PDT"]
[Termination "m_ezat won by resignation"]

1. d4 Nf6 2. c4 g6 3. Nc3 d5 4.
Bg5 Ne4 5. cxd5 Nxg5 6. h4 Ne4 7. Nxe4 Qxd5 8. Qd3 Bf5 9. Nc3 Qa5 10. e4 Bd7 11. h5 Bg7 12. h6 Bf8 13. Nf3 Bg4 14.
Ne5 Bc8 15. Qc4 e6 16. a3 c6 17. Qb3 Qb6 18. Qd1 Be7 19. b4 O-O 20. Nc4 Qc7 21. e5 Nd7 22. Ne4 Nb6 23. Ncd6 Bd7 24. Qf3 f5 25. Nc5 Bxd6 26. exd6 Qxd6 27. Qc3 Nd5 28. Qb2 b6 29. Nd3 Rad8 30. Ne5 c5 31. bxc5 bxc5 32. dxc5 Qe7 33. Nxg6 hxg6 34. h7+ Kf7 35. h8=Q Rxh8 36. Rxh8 Rxh8 37. Qxh8 Nf6 38. Qb8 Qxc5 39. Qb2 Nd5 40. Rc1 Qa5+ 41. Qd2 Qxa3 42. Bc4 Qd6 43. Bxd5 exd5 44.
Qd4 Qe6+ 45. Kf1 a5 46. Rc7 Qd6 47. Qa7 Ke6 48. Qxa5 d4 49. Rc1 d3 50. Re1+ Kf6 51.
Qc3+ Kf7 52. Qc4+ Be6 53. Qc3 Qd5 54. Rd1 f4 55. Rxd3 Qxd3+ 56. Qxd3 Bc4 57. Qxc4+ Kf6 58.
Qxf4+ Kg7 59. g4 1-0

[Event "*** SCC Grand Prix: Titled Tuesday Blitz"]
[Site "Chess.com"]
[Date "2020.06.23"]
[Round "1"]
[White "Matveev_Vladimir"]
[Black "ExtremeLearner"]
[Result "1-0"]
[WhiteElo "2544"]
[BlackElo "2180"]
[TimeControl "180+1"]
[EndTime "10:08:53 PDT"]
[Termination "Matveev_Vladimir won by checkmate"]

1. d4 Nf6 2. c4 g6 3. Nc3 Bg7 4. e4 d6 5. Be2 O-O 6. Nf3 e5 7. O-O Nc6 8. d5 Ne7 9. b4 a5 10. Ba3 Nd7 11. bxa5 f5 12. Bb4 Nf6 13. Bd3 fxe4 14.
Nxe4 Nxe4 15. Bxe4 h6 16. Re1 Bf5 17. Nd2 Bxe4 18. Nxe4 Nf5 19. c5 Ra6 20. Qd3 Nd4 21. c6 Qa8 22. cxb7 Qxb7 23. Bc3 Nf5 24. Rab1 Qa8 25. Qc4 Ra7 26. Rb3 Ne7 27. Rd1 Kh7 28. f3 Nf5 29. Rd3 Rb7 30. g3 Rxb3 31. axb3 Qa7+ 32. Kh1 Ne7 33. Kg2 Nf5 34. Bd2 Rb8 35.
b4 Nd4 36. Be3 Qb7 37. Bxd4 exd4 38. Rb3 Re8 39. b5 Qa7 40. a6 Rb8 41. h4 Rb6 42. h5 g5 43. Qd3 Kh8 44. Nd2 Qa8 45. Nc4 Rb8 46. b6 cxb6 47. Nxb6 Qa7 48. Qb5 Be5 49.
Kh3 Qc7 50. Qc6 Qf7 51. g4 Qf4 52. Kg2 Qh2+ 53. Kf1 Re8 54. Qxe8+ Kg7 55. Qe7+ Kg8 56. Nd7 Qh1+ 57. Ke2 Qg2+ 58. Kd1 Qf1+ 59. Kc2 Qe2+ 60. Kb1 Qd1+ 61. Ka2 Qc2+ 62. Ka3 Qc1+ 63. Kb4 Qe1+ 64.
Kb5 Qe2+ 65. Kb6 d3 66. Qf8+ Kh7 67. Qf7+ Kh8 68. Qe8+ Kg7 69. Nxe5 Qe3+ 70. Kc7 dxe5 71. Rb7 Qc5+ 72. Kb8+ Kf6 73. Qe6# 1-0

[Event "*** SCC Grand Prix: Titled Tuesday Blitz"]
[Site "Chess.com"]
[Date "2020.06.23"]
[Round "1"]
[White "Sunnika"]
[Black "WIDBIFS"]
[Result "0-1"]
[WhiteElo "2363"]
[BlackElo "2705"]
[TimeControl "180+1"]
[EndTime "10:08:55 PDT"]
[Termination "WIDBIFS won by resignation"]

1. d4 Nf6 2. c3 g6 3. Nf3 Bg7 4. Bg5 O-O 5. Nbd2 d5 6. e3 c6 7. Be2 Bf5 8. Qb3 Qb6 9. O-O Nbd7 10. h3 Rfe8 11. Bf4 Ne4 12. Nxe4 Bxe4 13. Nd2 Bf5 14. Bg3 e5 15. a4 exd4 16. cxd4 Bxd4 17. Qxb6 Bxb6 18. Nb3 a5 19. Rac1 d4 20. Bf4 dxe3 21.
Bxe3 Bxe3 22. fxe3 Rxe3 23. Nd4 Be6 24. Kf2 Re5 25.
Nxe6 Rxe6 26. Bc4 Rf6+ 27. Kg1 Re8 28. Rxf6 Nxf6 29. Rf1 Kg7 30. g4 h6 31. Kg2 Re7 32.
b3 Ne4 33. Re1 f5 34. gxf5 gxf5 35. Bd3 Kf6 36. Rf1 Ke5 37. Bc4 Rg7+ 38. Kh2 Rd7 39. Re1 Rd2+ 40. Kg1 h5 41. Bf7 h4 42. Bh5 Kf4 43.
Rf1+ Kg5 44. Bf3 Ng3 45. Re1 Rd3 46. Bd1 Ne4 47. Bc2 Rg3+ 48. Kh2 Kf4 49. Rd1 Rf3 50.
Kg1 Rxh3 51. Rd7 Rg3+ 52. Kh2 Ng5 53. Bd1 Rh3+ 54. Kg2 Rg3+ 55. Kh2 Re3 56. Rxb7 Re1 57. Bh5 Rc1 58. b4 Rc2+ 59. Kh1 axb4 60. Rxb4+ Kg3 61. Rb3+ Kf4 62. Rb4+ Ke5 63. Rxh4 Ne4 64. Rh2 Ng3+ 65. Kg1 Rxh2 66. Kxh2 Nxh5 67. a5 Kd6 68. a6 Kc7 69. a7 Kb7 70. a8=Q+ Kxa8 0-1